 Dungeon Crawl Stone Soup version 0.22.0 (webtiles) character file.

700 Gorglomux the Shield-Bearer (level 7, -6/66 HPs)
             Began as a Deep Dwarf Fighter on Aug 11, 2018.
             Was an Initiate of Makhleb.
             Mangled by an orc warrior
             ... wielding a +0 falchion
              (18 damage)
             ... on level 5 of the Dungeon.
             The game lasted 00:02:14 (2952 turns).

Gorglomux the Shield-Bearer (Deep Dwarf Fighter)    Turns: 2952, Time: 00:02:14

Health: -6/66      AC:  8    Str: 27    XL:     7   Next: 38%
Magic:  7/7        EV:  7    Int:  8    God:    Makhleb [......]
Gold:   289        SH: 10    Dex: 12    Spells: 6/6 levels left

rFire    + . .     SeeInvis .   a - +0 war axe
rCold    . . .     Gourm    .   c - +0 shield
rNeg     . . .     Faith    .   b - +0 scale mail
rPois    .         Spirit   .   (no helmet)
rElec    .         Reflect  .   (no cloak)
rCorr    .         Harm     .   t - +0 pair of gloves
MR       +....                  (no boots)
Stlth    ..........             (no amulet)
HPRegen  0.00/turn              f - ring of protection from fire
MPRegen  0.10/turn              (no ring)

@: mighty, non-regenerating, heavily drained
A: damage resistance, heal wounds, sense surroundings 1, no regeneration
a: Heal Wounds, Renounce Religion


You were on level 5 of the Dungeon.
You worshipped Makhleb.
Makhleb was noncommittal.
You were hungry.

You visited 2 branches of the dungeon, and saw 6 of its levels.

You collected 289 gold pieces.

Inventory:

Hand Weapons
 a - a +0 war axe (weapon)
Armour
 b - a +0 scale mail (worn)
 c - a +0 shield (worn)
 t - a +0 pair of gloves (worn)
Jewellery
 f - a ring of protection from fire (left hand)
 q - an uncursed amulet of guardian spirit {unknown}
 r - an uncursed ring of positive energy {unknown}
Scrolls
 g - 5 scrolls of identify {unknown}
 h - 2 scrolls of noise {unknown}
 k - a scroll of magic mapping {unknown}
 o - 4 scrolls of remove curse {unknown}
 p - a scroll of amnesia {unknown}
 s - a scroll of blinking {unknown}
 y - a scroll of teleportation {unknown}
Potions
 d - a potion of might
 v - a potion of invisibility {unknown}
 w - a potion of berserk rage {unknown}
 x - 2 potions of flight {unknown}
 z - a potion of heal wounds {unknown}
Comestibles
 m - 13 rations


   Skills:
 + Level 4.5(3.3) Fighting
 + Level 4.8(3.6) Axes
 + Level 5.4(4.2) Armour
 + Level 5.5(4.3) Shields
 + Level 0.8(0.0) Invocations


You had 6 spell levels left.
You didn't know any spells.
Your spell library was empty.

Dungeon Overview and Level Annotations

Branches:
Dungeon (5/15)             Temple (1/1) D:4

Altars:
Cheibriados
Dithmenos
Elyvilon
Fedhas
Gozag
Hepliaklqana
Makhleb
Nemelex Xobeh
Okawaru
Qazlal
Wu Jian
Yredelemnul
Zin

Shops:
D:4 }

Annotations:
D:5 Blork the orc


Innate Abilities, Weirdness & Mutations

You are resistant to damage.
You can heal yourself by infusing magical energy.
You passively map a small area around you.
You do not regenerate.


Message History

You hear some strange, mumbled words!
A puff of flame appears from out of thin air!!!
The puff of flame hits you!!! You resist!
The orc warrior hits you with a falchion!!! * * * don't die
* * * Butt are too injured to fight recklessly!!!
You miss something! The orc warrior blocks your attack!
Something hits you! * * * don't die
* * * You block the orc warrior's attack!
You hear a zap!
A puff of flame appears from out of thin air!!!
You block the puff of flame!
Unknown command!
You are too injured to fight recklessly!!!
You closely miss something! You closely miss the orc warrior!
Something hits you but does no damage! You block the orc warrior's attack!
Something hits you! * * * don't die
* * * The orc warrior hits you with a falchion!!!!!! rip

..........{Z.z....#
#.....##.#########.# ,
.....>.#.#.........#
#......#.#..######## *
#......#o#..# .
#......#Z#..#########
#.....#......#z#....#.....#
..........#.#{o..#.#.###.#
#.#..#.......@.....#.# #.# ,
#....##.##..###.##.#.###.##
..........................#
#..#.#.....###.##.#.######
#####..#.#.................#
......)#.#.........##.#.##.#
######.#.#............#.##.#
)........#...#..........##.#
........<....#.###########.###


You could see 2 orc warriors, a wight and a bullfrog zombie.

Vanquished Creatures
  2 phantoms (D:4)
  A scorpion (D:4)
  A wight (D:5)
  A centaur skeleton (D:3)
  An orc wizard (D:4)
  An orc priest (D:4)
  2 bullfrog skeletons (D:4)
  An iguana (D:4)
  Jessica (D:2)
  2 worker ants (D:4)
  A worker ant zombie (D:5)
  6 adders
  A shadow imp (D:5)
  An adder skeleton (D:5)
  3 worms
  4 dart slugs
  2 leopard geckos
  11 orcs
  3 giant cockroaches
  9 goblins
  7 hobgoblins
  6 jackals (D:2)
  2 quokkas (D:4)
  2 ball pythons
  6 bats
  5 frilled lizards
  A jackal skeleton (D:5)
  14 kobolds
  7 rats
104 creatures vanquished.

Notes
Turn   | Place    | Note
-------+----------+-------------------------------------------
     0 | D:1      | Gorglomux the Deep Dwarf Fighter began the quest for the Orb.
     0 | D:1      | Reached XP level 1. HP: 20/20 MP: 1/1
   145 | D:1      | Reached XP level 2. HP: 21/27 MP: 2/2
   296 | D:1      | Reached skill level 3 in Fighting
   623 | D:2      | Noticed Jessica
   630 | D:2      | Killed Jessica
   630 | D:2      | Reached XP level 3. HP: 13/34 MP: 3/3
   699 | D:2      | Reached skill level 3 in Axes
   900 | D:2      | Reached XP level 4. HP: 33/42 MP: 4/4
  1313 | D:3      | Reached XP level 5. HP: 23/49 MP: 5/5
  1801 | D:4      | Found Qafagy Mopy's Gadget Emporium.
  1841 | D:4      | Reached XP level 6. HP: 29/57 MP: 6/6
  1873 | D:4      | Found a hazy altar of Hepliaklqana.
  2093 | D:4      | Reached XP level 7. HP: 22/66 MP: 7/7
  2183 | D:4      | Found a staircase to the Ecumenical Temple.
  2564 | Temple   | Entered the Ecumenical Temple
  2618 | Temple   | Became a worshipper of Makhleb the Destroyer
  2766 | D:5      | Entered Level 5 of the Dungeon
  2884 | D:5      | Noticed Blork the orc
  2952 | D:5      | Mangled by an orc warrior

Skill      XL: |  1  2  3  4  5  6 |
---------------+-------------------+-----
Fighting       | 3 4 |  4.5
Axes           | 3 4 |  4.8
Shields        | 4 5 |  5.5
Armour         | 4 5 |  5.4
Invocations    | |  0.8

Action                   |  1- 3 |  4- 6 |  7- 9 || total
-------------------------+-------+-------+-------++-------
Melee: War axe           |    98 |   215 |    75 ||   388
 Abil: Heal Wounds       |     1 |     4 |     4 ||     9
  Use: Potion            |       |       |     3 ||     3
  Eat: Chunk             |       |     5 |     2 ||     7
Armor: Scale mail        |    39 |   105 |    28 ||   172
Dodge: Dodged            |    31 |    58 |    18 ||   107
Block: Shield            |    59 |   115 |    61 ||   235
